 Dungeon Crawl Stone Soup version 0.23.2 (webtiles) character file.

Game seed: 4105604545359635827

2375 Volyz the Fighter (level 9, -4/85 HPs)
             Began as a Minotaur Berserker on Apr 6, 2019.
             Was a Priest of Trog.
             Slain by Grum
             ... wielding a +1 glaive
              (13 damage)
             ... on level 8 of the Dungeon.
             The game lasted 00:35:26 (5147 turns).

Volyz the Fighter (Minotaur Berserker)              Turns: 5147, Time: 00:35:27

Health: -4/85      AC:  9    Str: 25    XL:     9   Next: 21%
Magic:  17/17      EV: 12    Int:  4    God:    Trog [***...]
Gold:   210        SH:  4    Dex: 10    Spells: 8/8 levels left

rFire    . . .     SeeInvis .   s - +0 falchion
rCold    . . .     Gourm    .   E - +0 buckler
rNeg     . . .     Faith    .   o - +0 scale mail
rPois    +         Spirit   .   (helmet restricted)
rElec    .         Reflect  .   (no cloak)
rCorr    .         Harm     .   d - +0 pair of gloves
MR       ++...                  (no boots)
Stlth    ..........             (no amulet)
HPRegen  1.24/turn              v - ring of poison resistance
MPRegen  0.15/turn              B - ring of magical power

@: berserk cooldown, regenerating
A: retaliatory headbutt, horns 2
a: Berserk, Trog's Hand, Renounce Religion


You were on level 8 of the Dungeon.
You worshipped Trog.
Trog was most pleased with you.
You were hungry.

You visited 1 branch of the dungeon, and saw 6 of its levels.

You collected 210 gold pieces.

Inventory:

Hand Weapons
 a - a +0 falchion
 s - a +0 falchion (weapon)
Missiles
 e - 42 poisoned needles
 j - 49 arrows
Armour
 d - a +0 pair of gloves (worn)
 o - a +0 scale mail (worn)
 D - the +3 robe of the Beginning {rC+ SInv}
   (You found it on level 4 of the Dungeon)

   It protects you from cold.
   It lets you see invisible.
 E - a +0 buckler (worn)
Jewellery
 v - a ring of poison resistance (left hand)
 B - a ring of magical power (right hand)
Wands
 r - a wand of iceblast (5)
 y - a wand of polymorph (10)
Scrolls
 f - 5 scrolls of identify
 g - a scroll of random uselessness {unknown}
 i - 2 scrolls of magic mapping {unknown}
 m - a scroll of fog {unknown}
 q - 3 scrolls of teleportation {unknown}
 A - a scroll of immolation {unknown}
Potions
 h - 2 potions of lignification {unknown}
 k - a potion of degeneration {unknown}
 n - a potion of cancellation {unknown}
 t - 3 potions of curing {unknown}
 z - a potion of ambrosia {unknown}
 C - 2 potions of magic {unknown}
Comestibles
 p - 2 rations


   Skills:
 * Level 9.8 Fighting
 + Level 7.4 Long Blades
 + Level 7.0 Armour
 + Level 6.2 Dodging
 + Level 2.9 Shields


You had 8 spell levels left.
You didn't know any spells.
Your spell library was empty.

Dungeon Overview and Level Annotations

Branches:
Dungeon (5/15)
 Temple: D:4-7

Altars:
Elyvilon
Kikubaaqudgha
Nemelex Xobeh
Sif Muna
Vehumet
Zin

Annotations:
D:8 Grum, Maurice, Psyche


Innate Abilities, Weirdness & Mutations

You reflexively headbutt those who attack you in melee.
You have a pair of horns on your head.


Message History

Grum closely misses you. Grum hits you but does no damage.
You barely miss Grum. Your headbutt misses Grum. Grum closely misses you.
You furiously retaliate!
You headbutt Grum! Grum hits you with a +1 glaive!
* * * LOW HITPOINT WARNING * * *
You slash Grum! You headbutt Grum!
Grum is severely wounded.
You feel yourself speed up. Grum hits you with a +1 glaive!
* * * LOW HITPOINT WARNING * * *
You hit Grum but do no damage. You headbutt Grum!
Grum is almost dead.
You closely miss Grum.
Grum is almost dead.
Grum hits you with a +1 glaive!
* * * LOW HITPOINT WARNING * * *
Your scale mail prevents you from hitting Grum.
Grum is almost dead.
Grum hits you with a +1 glaive!
You die...

############# #..[.....@g.#
#.#########.# #.# #.# ##.##
#.# ########## ##...######
#.# #(.)$g....
##.#.#<....###.#####.########
#####.##.#...............#
#..................#######
#.###.##.#.....##..#


You could see Grum.

Vanquished Creatures
  Pikel (D:3)
  Joseph (D:8)
  A centaur skeleton (D:8)
  An orc warrior (D:8)
  2 sky beasts
  2 slaves (D:3)
  An ice beast (D:8)
  An ogre (D:4)
  3 wolves (D:8)
  2 scorpions (D:4)
  A hound (D:3)
  A jelly (D:8)
  An orc priest (D:3)
  2 iguanas
  2 worker ants (D:4)
  3 orc wizards
  Robin (D:3)
  8 adders
  3 oozes
  5 worms
  2 dart slugs
  6 leopard geckos
  17 orcs
  5 giant cockroaches
  17 goblins
  9 hobgoblins
  2 jackals (D:2)
  3 quokkas
  3 ball pythons
  8 bats
  6 frilled lizards
  9 kobolds
  6 rats
135 creatures vanquished.

Notes
Turn   | Place    | Note
-------+----------+-------------------------------------------
     0 | D:1      | Volyz the Minotaur Berserker began the quest for the Orb.
     0 | D:1      | Reached XP level 1. HP: 19/19 MP: 0/0
   300 | D:1      | Reached XP level 2. HP: 27/27 MP: 1/1
   304 | D:1      | Reached skill level 4 in Fighting
   594 | D:2      | Reached XP level 3. HP: 25/33 MP: 2/2
   597 | D:2      | Reached ** piety under Trog
  1447 | D:2      | Reached XP level 4. HP: 36/41 MP: 3/3
  1524 | D:2      | Found a glowing silver altar of Zin.
  1634 | D:3      | Reached skill level 5 in Fighting
  1855 | D:3      | Reached XP level 5. HP: 48/48 MP: 4/4
  1942 | D:3      | Reached *** piety under Trog
  2115 | D:3      | Found a sparkling altar of Nemelex Xobeh.
  2229 | D:3      | Noticed Robin
  2241 | D:3      | Reached XP level 6. HP: 56/57 MP: 5/5
  2274 | D:3      | Killed Robin
  2400 | D:3      | Found an ancient bone altar of Kikubaaqudgha.
  2628 | D:3      | Found a deep blue altar of Sif Muna.
  2631 | D:3      | Found a radiant altar of Vehumet.
  2635 | D:3      | Reached skill level 6 in Fighting
  2639 | D:3      | Identified Sif Muna's Handbook of the Escort
  2866 | D:4      | Noticed a slave
  2868 | D:4      | Noticed a slave
  2871 | D:4      | Noticed a slave
  2874 | D:4      | Noticed Pikel
  2877 | D:4      | Reached **** piety under Trog
  2877 | D:4      | Reached skill level 5 in Long Blades
  2879 | D:4      | Noticed a slave
  2885 | D:3      | Killed a slave
  2887 | D:3      | Killed a slave
  2973 | D:3      | Killed Pikel
  2973 | D:3      | Reached skill level 7 in Fighting
  2973 | D:3      | Reached skill level 5 in Armour
  2973 | D:3      | Reached XP level 7. HP: 23/66 MP: 6/6
  3681 | D:4      | Reached skill level 8 in Fighting
  3681 | D:4      | Reached skill level 5 in Dodging
  3681 | D:4      | Reached XP level 8. HP: 57/74 MP: 7/7
  3896 | D:4      | Found a white marble altar of Elyvilon.
  3958 | D:4      | Got a silken robe
  3960 | D:4      | Identified the +3 robe of the Beginning {rC+ SInv} (You
                  | found it on level 4 of the Dungeon)
  4115 | D:5      | Entered Level 5 of the Dungeon
  4226 | D:5      | You fall through a shaft for 3 floors!
  4318 | D:8      | Noticed Maurice
  4631 | D:8      | Noticed Grum
  4631 | D:8      | Noticed Psyche
  4675 | D:8      | Reached skill level 9 in Fighting
  4675 | D:8      | Reached skill level 1 in Shields
  5096 | D:8      | Noticed Joseph
  5110 | D:8      | Killed Joseph
  5110 | D:8      | Reached XP level 9. HP: 84/84 MP: 8/8
  5147 | D:8      | Slain by Grum

Skill      XL: |  1  2  3  4  5  6  7  8  9 |
---------------+----------------------------+-----
Fighting       | 4 5 7 8 9 |  9.8
Long Blades    | 4 5 6 7 |  7.4
Armour         | 3 4 5 6 7 |  7.0
Dodging        | 3 4 5 6 |  6.2
Shields        | 2 |  2.9

Action                   |  1- 3 |  4- 6 |  7- 9 || total
-------------------------+-------+-------+-------++-------
Melee: Falchion          |    85 |   156 |   128 ||   369
       Headbutt          |    20 |    26 |    34 ||    80
Invok: Berserk           |       |     3 |     3 ||     6
       Trog's Hand       |       |     2 |     2 ||     4
  Use: Scroll            |       |     1 |     1 ||     2
       Potion            |       |     1 |       ||     1
  Eat: Chunk             |     2 |     1 |     4 ||     7
       Ration            |       |     2 |     2 ||     4
Armor: Animal skin       |     3 |       |       ||     3
       Ring mail         |    42 |       |       ||    42
       Scale mail        |     1 |    84 |    32 ||   117
Dodge: Dodged            |    74 |   104 |    55 ||   233
Block: Buckler           |       |       |     5 ||     5
       Rpst.: Falchion   |    22 |    28 |    18 ||    68
